 Dungeon Crawl Stone Soup version 0.29-a0-284-gf9362112df (webtiles) character file.

Game seed: 8307601865326696830

102 freelancePsychic the Firebug (level 4, 0/36 HPs)
             Began as a Draconian Fire Elementalist on Mar 17, 2022.
             Succumbed to a hornet's poison
             ... on level 4 of the Dungeon.
             The game lasted 00:05:33 (3612 turns).

freelancePsychic the Firebug (DrFE)                 Turns: 3612, Time: 00:05:33

Health: 0/36       AC:  8    Str: 10    XL:     4   Next: 49%
Magic:  1/8        EV: 12    Int: 17    God:
Gold:   173        SH:  0    Dex: 12    Spells: 6/9 levels left

rFire   . . .      SeeInvis .   (no weapon)
rCold   . . .      Faith    .   (no shield)
rNeg    + . .      Spirit   .   (body armour unavailable)
rPois   +          Reflect  .   (helmet restricted)
rElec   .          Harm     .   k - +2 cloak
rCorr   .          Rampage  .   (no gloves)
Will    .....                   (no boots)
Stlth   ++........              (no amulet)
HPRegen 0.12/turn               f - ring of positive energy
MPRegen 0.11/turn               l - ring of poison resistance

@: lethally poisoned (0 -> -1)
A: AC +5, unfitting armour, cold-blooded
a: no special abilities


You were on level 4 of the Dungeon.
You visited 1 branch of the dungeon, and saw 4 of its levels.

You collected 173 gold pieces.

Inventory:

Armour
 k - a +2 cloak (worn)
Jewellery
 c - a ring of flight
 f - a ring of positive energy (left hand)
 l - a ring of poison resistance (right hand)
Scrolls
 d - a scroll of holy word
 e - a scroll of silence
 g - 2 scrolls of teleportation {@r4}
 h - a scroll of magic mapping
 j - 2 scrolls of noise
 m - a scroll of brand weapon {unknown}
Potions
 a - 2 potions of magic


   Skills:
 + Level 1.7 Fighting
 - Level 1.7 Dodging
 - Level 1.7 Stealth
 * Level 3.2 Spellcasting
 - Level 1.0 Conjurations
 * Level 4.1 Fire Magic


You had 6 spell levels left.
You knew the following spells:

 Your Spells              Type           Power      Damage    Failure   Level
a - Foxfire               Conj/Fire      44%        2x1d6     6%          1
b - Scorch                Fire           32%        2d6       4%          2

Your spell library contained the following spells:

 Spells                   Type           Power      Damage    Failure   Level
 Shock                    Conj/Air       16%        1d4       14%         1
 Beastly Appendage        Tmut           4%         N/A       17%         1
 Conjure Flame            Conj/Fire      11%        6-21      19%         3
 Inner Flame              Hex/Fire       9%         N/A       22%         3
 Wereblood                Tmut           2%         N/A       26%         2
 Spider Form              Tmut/Pois      2%         N/A       45%         3
 Swiftness                Air            2%         N/A       45%         3
 Flame Wave               Conj/Fire      11%        2d5       52%         4
 Airstrike                Air            1%         N/A       86%         4


Dungeon Overview and Level Annotations

Branches:
Dungeon (4/15)
 Temple: D:4-7

Altars:

Shops:
D:1 (   D:3 ?

Annotations:
D:1 exclusion: gnoll


Innate Abilities, Weirdness & Mutations

Your plain brown scales are hard. (AC +5)
You cannot fit into any form of body armour.
You are cold-blooded and may be slowed by cold attacks.


Message History

The hornet stings you!
You are poisoned.
You feel yourself slow down.
Blink to where?
Press: ? - help, Dir - move target A dart slug comes into view.
As you read the scroll of blinking, it crumbles to dust.
You feel very sick.
Okay, then.
Okay, then.
As you read the scroll of teleportation {@r4}, it crumbles to dust.
You feel strangely unstable.
You feel yourself speed up.
You feel sick.
The hornet is no longer more vulnerable to fire.
The hornet stings you but does no damage.
The hornet stings you.
Casting: Scorch (safe; 4% risk of failure)
Confirm with . or Enter, or press ? or * to list all spells.
Flames lash the dart slug.
You kill the dart slug!
You feel sick. The hornet stings you.
The hornet stings you but does no damage.
Casting: Scorch (safe; 4% risk of failure)
Confirm with . or Enter, or press ? or * to list all spells.
Flames lash the hobgoblin.
You kill the hobgoblin!
You feel sick. The hornet stings you!
* * * LOW HITPOINT WARNING * * *
It was a potion of invisibility.
You fade into invisibility!
* * * LOW HITPOINT WARNING * * *
You feel sick.
The hornet stings you but does no damage. x2
It was a potion of cancellation.
You feel strangely stable.
Your magical effects are unravelling.
You feel magically purged.
You flicker back into view.
You die...

#########....
#...........##.#
#.#######...##.#
###.#### #...##.#
.......# #...##.#
###.##.####...##.###
#.##.#............
#.##...........##.
#.####.###.##y@# #.#
#.# #g##..# #.# #.#
#.##.†# #.# #.#
#.##..# #.# #.#
#...... #.# #.#
####..# #.# #.# #..#
.# #.# #.# #..# #.#
#.# #.# #..# #.#


You could see a hornet.

Vanquished Creatures
  Robin (D:3)
  An adder (D:2)
  2 worms
  3 dart slugs
  4 ball pythons
  7 endoplasms
  A giant cockroach (D:1)
  8 hobgoblins
  4 jackals
  A quokka (D:2)
  2 bats
  2 frilled lizards (D:2)
  16 goblins
  6 kobolds
  5 rats
63 creatures vanquished.

Vanquished Creatures (collateral kills)
  A foxfire (D:1)
1 creature vanquished.

Vanquished Creatures (others)
  69 foxfires
  7 plants (D:4)
76 creatures vanquished.

Grand Total: 140 creatures vanquished

Notes
Turn   | Place    | Note
-------+----------+-------------------------------------------
     0 | D:1      | freelancePsychic the Draconian Fire Elementalist began the
                  | quest for the Orb.
     0 | D:1      | Reached XP level 1. HP: 14/14 MP: 3/3
   699 | D:1      | Reached XP level 2. HP: 20/22 MP: 0/5
   794 | D:1      | Learned a level 2 spell: Scorch
  1028 | D:1      | Found Fucs's Antique Weapon Shoppe.
  1505 | D:2      | Reached skill level 1 in Fighting
  1682 | D:2      | Reached XP level 3. HP: 28/28 MP: 1/6
  1927 | D:2      | Found a faded altar of an unknown god.
  2650 | D:3      | Reached XP level 4. HP: 32/35 MP: 3/8
  2949 | D:3      | Noticed Robin
  2959 | D:3      | Killed Robin
  2960 | D:3      | Reached skill level 4 in Fire Magic
  3096 | D:3      | Found Liur's Magic Scroll Emporium.
  3202 | D:3      | Identified the +1 robe "Jopsynn" {Will+}
  3260 | D:3      | Identified the +0 helmet of Neyrui {-Cast rC+ Will+}
  3604 | D:4      | Noticed a hornet
  3610 | D:4      | HP: 1/36 [hornet (10)]
  3612 | D:4      | Succumbed to a hornet's poison

Illustrated notes

Levels and vault maps discovered:
D:1:      wander_arrival_chamber, layout_basic, serial_shops,
          nicolae_shop_hallway_stairs, serial_forest,
          infiniplex_forest_lined_room_2, infiniplex_forest_lined_2,
          infiniplex_forest_end_3, infiniplex_forest_clump_long,
          infiniplex_forest_end_2, infiniplex_forest_lined_ring,
          infiniplex_forest_clump_cross
D:2:      layout_loops_ring, hellmonk_ecumenical_altar_dog_temple,
          kennysheep_generic_room_9
D:3:      layout_loops_cross, serial_shops, shop, uniq_robin
D:4:      layout_loops_ring, minmay_temple_entry_overgrown

Skill      XL: |  1  2  3  4 |
---------------+-------------+-----
Fighting       | 1 |  1.7
Spellcasting   | 3 |  3.2
Fire Magic     | 4 |  4.1
Dodging        | |  1.7
Stealth        | |  1.7
Conjurations   | |  1.0

Action                   |  1- 3 |  4- 6 || total
-------------------------+-------+-------++-------
Melee: Unarmed           |    20 |     3 ||    23
       Tailslap          |     1 |     1 ||     2
 Cast: Foxfire           |    29 |     9 ||    38
       Scorch            |    32 |    16 ||    48
  Use: Scroll            |     3 |     5 ||     8
       Potion            |       |     2 ||     2
Armor: Skin              |    13 |     5 ||    18
Dodge: Dodged            |    19 |       ||    19

Table legend: (Time is in decaauts)
 A = Elapsed time spent in this place.
 B = Non-inter-level travel time spent in this place.
 C = Inter-level travel time spent in this place.
 D = Time resting spent in this place.
 E = Time spent auto-exploring this place.
 F = Levels seen in this place.
 G = Mean time per level.
                   A        B        C        D        E       F      G
               +--------+--------+--------+--------+--------+-----+--------+
         Total |   3614 |   3527 |     87 |     57 |   3027 |   4 |  903.5 |
       Dungeon |   3614 |   3527 |     87 |     57 |   3027 |   4 |  903.5 |
               +--------+--------+--------+--------+--------+-----+--------+

Top non-repeatable levels by time:
     D:1: 1279 daAuts
     D:2: 1233 daAuts
     D:3: 930 daAuts
     D:4: 170 daAuts
